2410 views
Uploaded 2021-08-22 00:37:14
Game version 1.32.10
26:03 long 1on1 ladder game on (2)TerenasStand_LV
Saved by aom
2410 views
Uploaded 2021-08-22 00:37:14
Game version 1.32.10
26:03 long 1on1 ladder game on (2)TerenasStand_LV

30 units @ 4.3k
/ 0.5k
19 buildings @ 3k
/ 1.1k



| Rod of Necromancy | 4 | 600 |
| Ritual Dagger | 1 | 125 |
| Potion of Healing | 5 | 750 |
| Potion of Mana | 1 | 200 |
| Orb of Corruption | 2 | 750 |
| Scroll of Town Portal | 1 | 350 |
| Scroll of Healing | 2 | 500 |
| total: | 16 | 3275g |
| Acolyte | 10 | 750 | / | 0 |
| Ghoul | 7 | 840 | / | 0 |
| Obsidian Statue | 3 | 600 | / | 105 |
| Banshee | 3 | 465 | / | 90 |
| Abomination | 2 | 480 | / | 140 |
| Crypt Fiend | 2 | 430 | / | 80 |
| Goblin Shredder | 1 | 375 | / | 100 |
| Forest Troll Shadow Priest | 1 | 195 | / | 10 |
| Mud Golem | 1 | 145 | / | 10 |
| total: | 30 | 4280g | / | 535w |
| Nerubian Tower | 3 | 300 | / | 60 |
| Spirit Tower | 2 | 290 | / | 80 |
| Altar of Darkness | 1 | 180 | / | 50 |
| Ziggurat | 8 | 1200 | / | 400 |
| Crypt | 1 | 200 | / | 50 |
| Tomb of Relics | 2 | 260 | / | 60 |
| Graveyard | 1 | 215 | / | 0 |
| Necropolis | 2 | 450 | / | 0 |
| Slaughterhouse | 2 | 280 | / | 270 |
| Sacrificial Pit | 1 | 75 | / | 150 |
| Temple of the Damned | 1 | 155 | / | 140 |
| Halls of the Dead | 1 | 320 | / | 210 |
| Black Citadel | 1 | 325 | / | 230 |
| total: | 19 | 3015g | / | 1120w |
| 0:03 | Acolyte |
| 0:09 | Altar of Darkness |
| 0:16 | Ziggurat |
| 0:21 | Acolyte |
| 0:35 | Crypt |
| 0:53 | Ziggurat |
| 1:14 | Tomb of Relics |
| 1:36 | Ghoul |
| 1:37 | Ghoul |
| 1:44 | Ghoul |
| 2:19 | Rod of Necromancy |
| 2:22 | Sleep |
| 2:48 | Ghoul |
| 2:50 | Ghoul |
| 3:10 | Halls of the Dead |
| 3:51 | Vampiric Aura |
| 4:52 | Cannibalize |
| 4:55 | Ziggurat |
| 5:34 | Black Citadel |
| 5:44 | Ziggurat |
| 5:46 | Ziggurat |
| 5:52 | Rod of Necromancy |
| 5:54 | Ritual Dagger |
| 5:56 | Potion of Healing |
| 5:58 | Potion of Mana |
| 6:09 | Graveyard |
| 6:12 | Ghoul |
| 6:14 | Ghoul |
| 6:31 | Death Coil |
| 6:55 | Goblin Shredder |
| 7:19 | Sleep |
| 7:34 | Unholy Strength |
| 7:38 | Nerubian Tower |
| 9:15 | Orb of Corruption |
| 9:18 | Potion of Healing |
| 9:18 | Potion of Healing |
| 9:19 | Scroll of Town Portal |
| 9:20 | Rod of Necromancy |
| 9:31 | Slaughterhouse |
| 9:34 | Slaughterhouse |
| 9:42 | Sacrificial Pit |
| 10:04 | Acolyte |
| 10:25 | Carrion Beetles |
| 10:27 | Rod of Necromancy |
| 10:42 | Unholy Aura |
| 11:27 | Acolyte |
| 11:28 | Acolyte |
| 11:34 | Ghoul Frenzy |
| 11:37 | Improved Unholy Strength |
| 11:40 | Destroyer Form |
| 11:42 | Obsidian Statue |
| 12:56 | Spirit Tower |
| 13:35 | Obsidian Statue |
| 13:42 | Web |
| 13:43 | Burrow |
| 13:46 | Creature Attack |
| 13:52 | Temple of the Damned |
| 14:05 | Necropolis |
| 14:09 | Acolyte |
| 14:30 | Scroll of Healing |
| 15:42 | Impale |
| 16:37 | Death Coil |
| 16:44 | Vampiric Aura |
| 17:35 | Ziggurat |
| 17:37 | Tomb of Relics |
| 17:53 | Banshee |
| 17:56 | Abomination |
| 19:23 | Spirit Tower |
| 19:25 | Ziggurat |
| 19:27 | Acolyte |
| 19:27 | Acolyte |
| 19:28 | Acolyte |
| 19:28 | Acolyte |
| 19:33 | Potion of Healing |
| 19:33 | Orb of Corruption |
| 19:37 | Potion of Healing |
| 19:38 | Scroll of Healing |
| 19:53 | Abomination |
| 20:17 | Ziggurat |
| 21:39 | Carrion Beetles |
| 22:27 | Nerubian Tower |
| 22:30 | Nerubian Tower |
| 22:38 | Crypt Fiend |
| 22:41 | Banshee |
| 22:44 | Obsidian Statue |
| 23:02 | Forest Troll Shadow Priest |
| 23:03 | Mud Golem |
| 23:21 | Necropolis |
| 23:34 | Banshee Adept Training |
| 23:34 | Banshee |
| 25:04 | Sleep |
| 25:14 | Unholy Aura |
| 25:19 | Crypt Fiend |
| 25:25 | Impale |
| Select group | 1069 |
| Right click | 735 |
| Select | 471 |
| Misc. action | 142 |
| Build/train/purchase | 113 |
| Use ability | 65 |
| Assign group | 48 |
| Item give/drop | 4 |
| Remove unit | 1 |
36 units @ 6.2k
/ 1k
18 buildings @ 2.9k
/ 0.9k



| Sacrificial Skull | 1 | 50 |
| Orb of Corruption | 2 | 750 |
| Scroll of Town Portal | 2 | 700 |
| total: | 5 | 1500g |
| Acolyte | 7 | 525 | / | 0 |
| Ghoul | 5 | 600 | / | 0 |
| Crypt Fiend | 16 | 3440 | / | 640 |
| Obsidian Statue | 7 | 1400 | / | 245 |
| Abomination | 1 | 240 | / | 70 |
| total: | 36 | 6205g | / | 955w |
| Nerubian Tower | 1 | 100 | / | 20 |
| Spirit Tower | 1 | 145 | / | 40 |
| Crypt | 2 | 400 | / | 100 |
| Altar of Darkness | 1 | 180 | / | 50 |
| Ziggurat | 9 | 1350 | / | 450 |
| Graveyard | 1 | 215 | / | 0 |
| Tomb of Relics | 2 | 260 | / | 60 |
| Necropolis | 1 | 225 | / | 0 |
| Slaughterhouse | 2 | 280 | / | 270 |
| Halls of the Dead | 1 | 320 | / | 210 |
| Black Citadel | 1 | 325 | / | 230 |
| total: | 18 | 2910g | / | 930w |
| 0:04 | Acolyte |
| 0:08 | Crypt |
| 0:11 | Altar of Darkness |
| 0:25 | Ziggurat |
| 0:33 | Acolyte |
| 1:00 | Graveyard |
| 1:09 | Acolyte |
| 1:19 | Ghoul |
| 1:33 | Tomb of Relics |
| 1:48 | Ghoul |
| 2:16 | Carrion Beetles |
| 2:23 | Crypt Fiend |
| 2:32 | Ziggurat |
| 2:58 | Halls of the Dead |
| 3:28 | Crypt Fiend |
| 4:15 | Impale |
| 4:32 | Crypt Fiend |
| 4:35 | Ziggurat |
| 5:34 | Sacrificial Skull |
| 5:42 | Slaughterhouse |
| 6:10 | Ziggurat |
| 6:11 | Ziggurat |
| 6:12 | Ziggurat |
| 6:19 | Crypt Fiend |
| 6:25 | Carrion Beetles |
| 6:40 | Frost Nova |
| 7:27 | Obsidian Statue |
| 7:29 | Black Citadel |
| 7:53 | Obsidian Statue |
| 8:05 | Nerubian Tower |
| 8:06 | Spirit Tower |
| 8:38 | Burrow |
| 9:20 | Necropolis |
| 9:24 | Frost Armor |
| 9:54 | Backpack |
| 9:56 | Crypt Fiend |
| 10:40 | Destroyer Form |
| 10:45 | Impale |
| 11:12 | Orb of Corruption |
| 11:34 | Frost Nova |
| 12:42 | Ghoul |
| 12:42 | Ghoul |
| 12:42 | Ghoul |
| 13:25 | Ziggurat |
| 13:26 | Tomb of Relics |
| 13:31 | Slaughterhouse |
| 13:35 | Crypt Fiend |
| 13:39 | Disease Cloud |
| 14:40 | Scroll of Town Portal |
| 15:42 | Crypt Fiend |
| 15:42 | Crypt Fiend |
| 15:42 | Crypt Fiend |
| 16:34 | Frost Armor |
| 16:36 | Crypt Fiend |
| 16:56 | Death Coil |
| 17:03 | Crypt Fiend |
| 17:03 | Obsidian Statue |
| 17:45 | Acolyte |
| 17:45 | Acolyte |
| 17:45 | Acolyte |
| 17:46 | Acolyte |
| 18:15 | Web |
| 19:42 | Obsidian Statue |
| 19:45 | Ziggurat |
| 19:45 | Ziggurat |
| 20:35 | Creature Attack |
| 20:39 | Crypt |
| 21:55 | Scroll of Town Portal |
| 22:15 | Orb of Corruption |
| 22:17 | Crypt Fiend |
| 22:18 | Crypt Fiend |
| 22:19 | Crypt Fiend |
| 22:22 | Obsidian Statue |
| 22:23 | Abomination |
| 22:37 | Obsidian Statue |
| 23:28 | Unholy Aura |
| 24:08 | Impale |
| 25:15 | Crypt Fiend |
| 25:16 | Crypt Fiend |
| 25:16 | Obsidian Statue |
| Right click | 705 |
| Select group | 377 |
| Select | 334 |
| Misc. action | 132 |
| Build/train/purchase | 100 |
| Use ability | 55 |
| Assign group | 32 |
| Item give/drop | 11 |
| Remove unit | 2 |